 Dungeon Crawl Stone Soup version 0.14-a0-2052-gb76ddfe (webtiles) character file.

82 M4edhros the Ruinous (level 3, -1/21 HPs)
             Began as an Octopode Conjurer on Jan 20, 2014.
             Slain by Terence
             ... wielding a +1,+3 orcish spear
              (2 damage)
             ... on Level 2 of the Dungeon.
             The game lasted 00:01:55 (1407 turns).

M4edhros the Ruinous (Octopode Conjurer)            Turns: 1407, Time: 00:01:55

HP  -1/21        AC  1     Str  7      XL: 3   Next: 85%
MP   2/8         EV 12     Int 18      God:
Gold 30          SH  0     Dex 12      Spells:  2 memorised,  5 levels left

rFire  . . .     SeeInvis .     (no weapon)
rCold  . . .     Clarity  .     (no shield)
rNeg   . . .     Conserve .     (helmet restricted)
rPois  .         rCorr    .     (no amulet)
rElec  .         rRot     .     e - ring of flight
SustAb . .       Spirit   .     (no ring)
rMut   .         Warding  .     (no ring)
Saprov . . .     Stasis   .     (no ring)
MR     .....                    (no ring)
                                (no ring)
                                (no ring)
                                (no ring)

@: not resistant to hostile enchantments, quite stealthy
A: almost no armour, amphibious, 8 rings, constrict 8, camouflage 1, gelatinous
body 1
a: Evoke Flight


You were on level 2 of the Dungeon.
You were not hungry.

You visited 1 branch of the dungeon, and saw 2 of its levels.

You collected 30 gold pieces.

Inventory:

Armour
 m - a +0 elven buckler
Comestibles
 b - 2 bread rations
 h - a slice of pizza
 j - a choko
 o - an apple
Scrolls
 d - 2 scrolls of remove curse {unknown}
 f - 2 scrolls of identify {unknown}
 g - a scroll of recharging {unknown}
 i - 2 scrolls of amnesia {unknown}
 n - a scroll of enchant weapon II {unknown}
 q - a scroll of fog {unknown}
 r - a scroll of teleportation {unknown}
Jewellery
 e - a ring of flight (left tentacle)
Potions
 a - a potion of curing {unknown}
 k - a potion of lignification {unknown}
 l - a potion of restore abilities {unknown}
 p - a potion of might {unknown}
Books
 c - a book of Conjurations

   Spells                             Type                      Level
   *Magic Dart                        Conjuration                  1
   *Searing Ray                       Conjuration                  2
   Dazzling Spray                     Conjuration/Hexes            3
   Iskenderun's Mystic Blast          Conjuration                  4
   Iskenderun's Battlesphere          Conjuration/Charms           4
   Fulminant Prism                    Conjuration/Hexes            5


   Skills:
 - Level 2.0 Dodging
 - Level 2.6 Stealth
 * Level 3.1 Spellcasting
 + Level 4.5 Conjurations


You had 5 spell levels left.
You knew the following spells:

 Your Spells              Type           Power        Failure   Level  Hunger
a - Magic Dart            Conj           ###.         2%          1    None
b - Searing Ray           Conj           ###...       4%          2    ##.....


Dungeon Overview and Level Annotations

Branches:
Dungeon (2/16)

Altars:

Annotations:
D:2 Terence


Innate Abilities, Weirdness & Mutations

You cannot wear most types of armour.
You are amphibious.
You can wear up to eight rings at the same time.
You can use your tentacles to constrict many enemies at once.
Your skin changes colour to match your surroundings (Stlth).
Your rubbery body absorbs attacks (AC +1).


Message History

Aim: Terence, wielding an orcish spear and wearing a chain mail (moderately wounded)
The magic dart hits Terence.
Terence is moderately wounded.
Terence hits you from afar with an orcish spear.
You aren't carrying any items that can be evoked.
Drink which item? (? for menu, Esc to quit)
Okay, then.
Casting: Magic Dart
Confirm with . or Enter, or press ? or * to list all spells.
Aiming: Searing Ray
Press: ? - help, Shift-Dir - straight line, f/p - Terence
Aim: Terence, wielding an orcish spear and wearing a chain mail (moderately wounded)
The searing ray hits Terence.
Terence is moderately wounded.
Terence hits you from afar with an orcish spear!
* * * LOW HITPOINT WARNING * * *
The searing ray hits Terence.
Terence is moderately wounded.
Terence hits you from afar with an orcish spear.
You die...

#)...# #....#
#....################ ######
#................(..<
....)########....#######...#####.
...........................#####@
.....########....#######...##....
.....# ####.# ###.##.... .....#
#@# #####.#..... .....# #.#
#.J......... .....# @..
.............. .....####
##.#...#.......(... .......>(
.................. .....#### #.#
..######...... ####.# #.# [##
....... # .# #.# # ........ # #
#.# #.......


You could see Terence.

Vanquished Creatures
  An adder (D:2)
  2 giant geckos
  7 bats
  2 giant cockroaches
  3 hobgoblins
  7 jackals (D:1)
  3 kobolds (D:1)
  A quokka (D:2)
  2 giant newts
  6 goblins
  3 rats
37 creatures vanquished.

Notes
Turn   | Place    | Note
--------------------------------------------------------------
     0 | D:1      | M4edhros, the Octopode Conjurer, began the quest for the Orb.
     0 | D:1      | Reached XP level 1. HP: 11/11 MP: 3/3
   140 | D:2      | Noticed Terence
   235 | D:1      | Reached XP level 2. HP: 17/17 MP: 2/4
   549 | D:1      | Reached XP level 3. HP: 21/21 MP: 4/6
   761 | D:1      | Learned a level 2 spell: Searing Ray
  1406 | D:2      | HP: 1/21 [Terence/orcish spear (9)]
  1407 | D:2      | Slain by Terence

Action                   || total
-------------------------++-------
Melee: Unarmed           ||    40
 Cast: Magic Dart        ||    57
       Searing Ray       ||     2
